 Dungeon Crawl Stone Soup version 0.22-a0-567-gff9aefc (webtiles) character file.

14221 theanonym the Thaumaturge (level 11, -11/81 HPs)
             Began as a Mummy Air Elementalist on June 29, 2018.
             Was a High Priest of Vehumet.
             Mangled by an orc warrior
             ... wielding a cursed -1 scimitar
              (23 damage)
             ... while paralysed by an orc sorcerer
             ... on level 2 of the Orcish Mines.
             The game lasted 00:43:26 (17574 turns).

theanonym the Thaumaturge (Mummy Air Elementalist) Turns: 17574, Time: 00:43:27

Health: -11/81     AC:  6    Str: 19    XL:     11   Next: 85%
Magic:  9/27       EV:  2    Int: 17    God:    Vehumet [*****.]
Gold:   834        SH:  0    Dex: 12    Spells: 16/34 levels left

rFire    . . .     SeeInvis .   a - +3 dagger (venom)
rCold    + . .     Gourm    .   k - +0 buckler
rNeg     + + +     Faith    .   o - +2 leather armour of the Gravedigger {rF+}
rPois    ∞         Spirit   .   (no helmet)
rElec    .         Reflect  .   d - +0 cloak
rCorr    .         Harm     .   (no gloves)
MR       +....                  (no boots)
Stlth    +.........             e - amulet of magic regeneration
HPRegen  0.23/turn              j - +6 ring of strength
MPRegen  0.45/turn              (no ring)

@: paralysed, swift, very slightly contaminated, very quick
A: no food or potions, fire vulnerability, cold resistance 1, negative energy
resistance 3, torment resistance, unbreathing
a: Renounce Religion


Innate Abilities, Weirdness & Mutations

You do not eat or drink.
Your flesh is vulnerable to fire.
You are immune to poison.
Your flesh is cold resistant. (rC+)
You are immune to negative energy. (rN+++)
You are immune to unholy pain and torment.
You can survive without breathing.


   Skills:
 + Level 6.3 Fighting
 - Level 4.0 Armour
 - Level 4.1 Dodging
 - Level 1.5 Stealth
 - Level 4.0 Shields
 + Level 12.4 Spellcasting
 + Level 3.9 Conjurations
 - Level 10.0 Air Magic


You had 16 spell levels left.
You knew the following spells:

 Your Spells              Type           Power        Failure   Level  Hunger
a - Shock                 Conj/Air       ####         1%          1    N/A
b - Airstrike             Air            #####.....   1%          4    N/A
c - Lightning Bolt        Conj/Air       ####......   3%          5    N/A
d - Static Discharge      Conj/Air       ####....     1%          3    N/A
e - Tukima's Dance        Hex            ##......     22%         3    N/A
s - Swiftness             Chrm/Air       ####....     1%          2    N/A

Your spell library contained the following spells:

 Spells                   Type           Power        Failure   Level  Hunger
 Confuse                  Hex            ##......     22%         3    N/A
 Stone Arrow              Conj/Erth      ###...       2%          3    N/A
 Passwall                 Tmut/Erth      ##......     12%         2    N/A
 Ensorcelled Hibernation  Hex/Ice        ##....       12%         2    N/A
 Corona                   Hex            ##.....      8%          1    N/A
 Lee's Rapid Deconstruct  Erth           ##........   45%         5    N/A
 Sandblast                Erth           ##....       2%          1    N/A
 Petrify                  Tmut/Erth      ##......     58%         4    N/A
 Dazzling Spray           Conj/Hex       ###...       2%          3    N/A

Skill      XL: |  1  2  3  4  5  6  7  8  9 10 11 |
---------------+----------------------------------+-----
Conjurations   | 1 3 |  3.9
Spellcasting   | 3 4 5 7 8 9 11 12 | 12.4
Air Magic      | 3 4 5 6 8 9 10 | 10.0
Shields        | 4 |  4.0
Armour         | 1 4 |  4.0
Fighting       | 3 6 |  6.3
Dodging        | 4 |  4.1
Stealth        | |  1.5

Action                   |  1- 3 |  4- 6 |  7- 9 | 10-12 || total
-------------------------+-------+-------+-------+-------++-------
Melee: Dagger            |    28 |    29 |    50 |    52 ||   159
 Cast: Shock             |    80 |   157 |    40 |     6 ||   283
       Airstrike         |       |    18 |   155 |   351 ||   524
       Tukima's Dance    |       |       |       |    11 ||    11
       Lightning Bolt    |       |       |       |    16 ||    16
       Swiftness         |       |       |       |     2 ||     2
       Static Discharge  |       |       |       |     2 ||     2
  Use: Scroll            |       |     1 |     9 |     9 ||    19
Armor: Robe              |     7 |     4 |    18 |       ||    29
       Leather armour    |       |       |     1 |    30 ||    31
Dodge: Dodged            |    32 |    49 |    56 |    97 ||   234
Block: Buckler           |       |       |     4 |    29 ||    33

Inventory:

Hand Weapons
 a - a +3 dagger of venom (weapon)
   (You took it off an orc wizard on level 4 of the Dungeon)
Armour
 d - a +0 cloak (worn)
   (You found it on level 5 of the Dungeon)
 k - a +0 buckler (worn)
   (You found it on level 7 of the Dungeon)
 o - the +2 leather armour of the Gravedigger (worn) {rF+}
   (You found it on level 8 of the Dungeon)

   It protects you from fire.
Jewellery
 e - an amulet of magic regeneration (around neck)
   (You found it on level 7 of the Dungeon)
 j - a +6 ring of strength (left hand)
   (You found it on level 2 of the Dungeon)
Wands
 b - a wand of polymorph (26)
   (You took it off Pikel on level 5 of the Dungeon)
Scrolls
 c - a scroll of enchant armour
 f - 2 scrolls of fog
 i - 2 scrolls of noise {unknown}
 l - a scroll of fear {unknown}
 m - 3 scrolls of amnesia
 n - 5 scrolls of remove curse
 t - 4 scrolls of teleportation {!r}
 y - a scroll of magic mapping
 B - 2 scrolls of blinking


You were on level 2 of the Orcish Mines.
You worshipped Vehumet.
Vehumet was extremely pleased with you.
You were not hungry.

You visited 3 branches of the dungeon, and saw 15 of its levels.

You collected 834 gold pieces.

Dungeon Overview and Level Annotations

Branches:
Dungeon (12/15)            Temple (1/1) D:5            Lair (0/6) D:9
    Orc (2/2) D:10
    Elf: Orc:2

Altars:
Ashenzari
Cheibriados
Dithmenos
Elyvilon
Fedhas
Gozag
Hepliaklqana
Kikubaaqudgha
Makhleb
Nemelex Xobeh
Okawaru
Qazlal
Ru
Sif Muna
Trog
Vehumet
Wu Jian
Xom
Yredelemnul
Zin
The Shining One

Shops:
D:9 =

Annotations:
D:10 nc
D:12 Urug

....#..#..#..................
#............................
#......)....)...#..$......
....##.[)....[[....).....
........[..).....[.......
....o....#[.[o...........
....#.........$........#.
...........[o........##
............o@$......
.....#......<.......
.....[..........$..
.................$
.................
#...............
...............
.#......#......
.........#.#..


You could see an orc sorcerer, an orc warrior and an orc wizard.

Notes
Turn   | Place    | Note
-------+----------+-------------------------------------------
     0 | D:1      | theanonym the Mummy Air Elementalist began the quest for the Orb.
     0 | D:1      | Reached XP level 1. HP: 13/13 MP: 4/4
   139 | D:1      | Reached skill level 1 in Conjurations
   267 | D:1      | Reached skill level 3 in Spellcasting
   267 | D:1      | Reached XP level 2. HP: 18/19 MP: 0/6
   850 | D:2      | Reached XP level 3. HP: 20/24 MP: 1/7
  1028 | D:2      | Noticed a phantom
  1069 | D:2      | Reached skill level 3 in Air Magic
  1207 | D:2      | HP: 11/24 [bounced beam (3)]
  1209 | D:2      | HP: 3/24 [adder (4)]
  1526 | D:2      | Reached XP level 4. HP: 30/30 MP: 4/9
  1631 | D:2      | Found a sacrificial altar of Ru.
  1844 | D:2      | Learned a level 4 spell: Airstrike
  2126 | D:3      | Reached skill level 4 in Spellcasting
  2417 | D:3      | Reached XP level 5. HP: 29/35 MP: 1/11
  3178 | D:3      | Learned a level 5 spell: Lightning Bolt
  3487 | D:4      | Found a runed gate.
  3487 | D:4      | Found a runed gate.
  3487 | D:4      | Found a runed gate.
  3489 | D:4      | Noticed Amnesiac's ghost (amateur SpBe)
  3752 | D:4      | Reached skill level 4 in Air Magic
  4060 | D:4      | Found a glowing silver altar of Zin.
  4064 | D:4      | Found a burning altar of Makhleb.
  4065 | D:4      | Found a sacrificial altar of Ru.
  4066 | D:4      | Found a stormy altar of Qazlal.
  4066 | D:4      | Found a sparkling altar of Nemelex Xobeh.
  4066 | D:4      | Found a white marble altar of Elyvilon.
  4067 | D:4      | Found a glowing golden altar of the Shining One.
  4068 | D:4      | Found a shimmering altar of Xom.
  4069 | D:4      | Found a basalt altar of Yredelemnul.
  4153 | D:5      | Entered Level 5 of the Dungeon
  4341 | D:5      | Noticed a slave
  4341 | D:5      | Noticed a slave
  4341 | D:5      | Noticed a slave
  4348 | D:4      | Reached XP level 6. HP: 29/41 MP: 4/13
  4506 | D:5      | Reached skill level 5 in Spellcasting
  4771 | D:5      | Noticed Pikel
  4920 | D:5      | Found a staircase to the Ecumenical Temple.
  4926 | Temple   | Entered the Ecumenical Temple
  5081 | Temple   | Became a worshipper of Vehumet
  5262 | D:5      | Noticed a slave
  5379 | D:4      | Killed a slave
  5576 | D:2      | HP: 19/41 [phantom (6)]
  5583 | D:2      | Reached skill level 5 in Air Magic
  5799 | D:4      | Killed Amnesiac's ghost
  5799 | D:4      | Reached XP level 7. HP: 45/46 MP: 2/15
  6005 | D:5      | Reached skill level 6 in Spellcasting
  6816 | D:5      | Killed Pikel
  6816 | D:5      | Reached skill level 7 in Spellcasting
  6816 | D:5      | Reached skill level 6 in Air Magic
  6816 | D:5      | Reached XP level 8. HP: 52/52 MP: 4/18
  6887 | D:5      | Found a staircase to the Ecumenical Temple.
  7052 | D:6      | Noticed Grinder
  7058 | D:6      | Killed Grinder
  7058 | D:6      | Reached skill level 7 in Air Magic
  7714 | D:6      | Reached skill level 8 in Spellcasting
  8120 | D:6      | Noticed Duvessa
  8125 | D:6      | Killed Duvessa
  8125 | D:6      | Reached skill level 8 in Air Magic
  8460 | D:6      | Noticed Dowan
  8463 | D:6      | Killed Dowan
  8463 | D:6      | Reached XP level 9. HP: 57/57 MP: 8/21
  8799 | D:7      | Reached * piety under Vehumet
  8799 | D:7      | Offered knowledge of Sting by Vehumet.
  9595 | D:7      | Reached skill level 9 in Spellcasting
  9595 | D:7      | HP: 23/57 [worker ant (6)]
  9900 | D:7      | Reached skill level 1 in Shields
 10179 | D:8      | Reached skill level 2 in Shields
 10183 | D:8      | Offered knowledge of Searing Ray by Vehumet.
 10283 | D:8      | Learned a level 3 spell: Static Discharge
 10300 | D:8      | Reached ** piety under Vehumet
 10482 | D:8      | Reached skill level 3 in Shields
 10818 | D:8      | Reached skill level 9 in Air Magic
 10824 | D:8      | Reached skill level 4 in Shields
 11041 | D:8      | Got a pitted leather armour
 11042 | D:8      | Identified the +2 leather armour of the Gravedigger {rF+} (You found it on level 8 of the Dungeon)
 11321 | D:9      | Found a staircase to the Lair.
 11392 | D:8      | Offered knowledge of Throw Frost by Vehumet.
 11442 | D:9      | Reached skill level 1 in Armour
 11496 | D:9      | Reached XP level 10. HP: 63/63 MP: 11/23
 11776 | D:9      | Reached skill level 10 in Spellcasting
 11777 | D:9      | Reached *** piety under Vehumet
 11778 | D:9      | Noticed a two-headed ogre
 11951 | D:9      | Reached skill level 2 in Armour
 11956 | D:9      | HP: 30/63 [orc/trident (4)]
 12195 | D:9      | Offered knowledge of Stone Arrow by Vehumet.
 12218 | D:8      | Learned a level 3 spell: Tukima's Dance
 12593 | D:9      | Found an ancient bone altar of Kikubaaqudgha.
 12652 | D:9      | Found Ripar's Jewellery Shop.
 12776 | D:9      | Found a staircase to the Lair.
 12778 | D:9      | HP: 31/64 [two-headed ogre/giant club (12)]
 12874 | D:9      | HP: 22/64 [two-headed ogre/giant club (12)]
 12885 | D:9      | HP: 24/64 [two-headed ogre/giant club (1)]
 13109 | D:9      | Killed a two-headed ogre
 13109 | D:9      | Reached skill level 1 in Fighting
 13169 | D:10     | Entered Level 10 of the Dungeon
 13169 | D:10     | Noticed a gargoyle
 13173 | D:10     | Killed a gargoyle
 13173 | D:10     | Reached skill level 2 in Fighting
 13173 | D:10     | Reached skill level 3 in Armour
 13238 | D:10     | Noticed Psyche
 13242 | D:10     | Paralysed by Psyche for 3 turns
 13245 | D:10     | Killed Psyche
 13480 | D:9      | Learned a level 2 spell: Swiftness
 13502 | D:9      | HP: 30/69 [slime creature (15)]
 13939 | D:10     | Reached skill level 3 in Fighting
 13997 | D:10     | Found a staircase to the Orcish Mines.
 14029 | D:10     | Reached skill level 11 in Spellcasting
 14274 | D:10     | Reached **** piety under Vehumet
 14274 | D:10     | Reached skill level 10 in Air Magic
 14341 | D:10     | Reached skill level 4 in Armour
 14341 | D:10     | Reached XP level 11. HP: 71/76 MP: 7/26
 14623 | D:11     | Reached skill level 4 in Fighting
 14889 | D:11     | Reached skill level 2 in Dodging
 15078 | D:11     | Offered knowledge of Iskenderun's Mystic Blast by Vehumet.
 15170 | D:11     | Reached skill level 2 in Conjurations
 15387 | D:11     | Noticed a cyan ugly thing
 15399 | D:11     | Reached skill level 5 in Fighting
 15502 | D:12     | Reached skill level 3 in Dodging
 15508 | D:12     | Noticed a green ugly thing
 15518 | D:12     | Noticed Urug
 15642 | Orc:1    | Entered Level 1 of the Orcish Mines
 16023 | Orc:1    | Reached skill level 12 in Spellcasting
 16143 | Orc:1    | Reached skill level 3 in Conjurations
 16215 | Orc:1    | Noticed an orc knight
 16238 | D:10     | HP: 39/80 [orc knight (9)]
 16241 | D:10     | Killed an orc knight
 16753 | Orc:2    | Entered Level 2 of the Orcish Mines
 16904 | Orc:2    | Reached ***** piety under Vehumet
 17093 | Orc:2    | Offered knowledge of Yara's Violent Unravelling by Vehumet.
 17214 | Orc:2    | Reached skill level 6 in Fighting
 17273 | Orc:2    | Noticed an orc sorcerer
 17279 | Orc:2    | Killed an orc sorcerer
 17290 | Orc:2    | Noticed an orc high priest
 17367 | Orc:2    | Noticed an orc high priest
 17370 | Orc:2    | Noticed an orc sorcerer
 17377 | Orc:1    | Killed an orc high priest
 17377 | Orc:1    | Reached skill level 4 in Dodging
 17543 | Orc:2    | Noticed a sixfirhy
 17552 | Orc:2    | HP: 37/81 [sixfirhy[an orc high priest] (11)]
 17552 | Orc:2    | HP: 18/81 [sixfirhy[an orc high priest] (6)]
 17552 | Orc:2    | HP: 8/81 [sixfirhy[an orc high priest] (10)]
 17567 | Orc:2    | Paralysed by an orc sorcerer for 7 turns
 17574 | Orc:2    | Mangled by an orc warrior

Vanquished Creatures
  A two-headed ogre (D:9)
  An orc high priest (Orc:1)
  Pikel (D:5)
  An orc knight (D:10)
  A manticore (D:12)
  An orc sorcerer (Orc:2)
  2 gargoyles
  Psyche (D:10)
  A hornet (D:8)
  2 trolls
  Grinder (D:6)
  3 slime creatures
  A wraith (D:11)
  9 yaks
  A hungry ghost (D:9)
  A warg (Orc:2)
  An acid dragon (D:11)
  Duvessa (D:6)
  2 slaves
  13 orc warriors
  2 ice beasts
  2 sky beasts
  A necrophage (D:11)
  4 ogres
  3 phantoms
  5 centaurs
  3 big kobolds
  The ghost of Amnesiac the Ducker, an amateur SpBe of Trog (D:4)
  8 bullfrogs
  A wyvern zombie (D:11)
  Dowan (D:6)
  2 scorpions
  A water moccasin skeleton (D:6)
  3 wights (D:9)
  4 howler monkeys
  3 centaur zombies
  3 crimson imps
  A centaur skeleton (D:8)
  6 jellies
  19 orc priests
  7 hounds
  22 orc wizards
  4 bullfrog skeletons
  5 iguanas
  8 worker ants
  2 hound zombies
  A hound skeleton (D:8)
  A howler monkey zombie (D:8)
  3 worker ant zombies
  6 adders
  4 gnolls (D:10)
  3 shadow imps
  7 oozes
  2 adder skeletons
  4 worms
  3 dart slugs
  7 leopard geckos
  52 orcs
  4 ball pythons
  5 bats
  8 giant cockroaches
  11 goblins
  7 hobgoblins
  11 jackals
  18 kobolds
  4 quokkas
  9 frilled lizards
  A leopard gecko zombie (D:9)
  A quokka skeleton (D:9)
  A quokka zombie (D:8)
  11 rats
350 creatures vanquished.

Table legend:
 A = Turns spent in this place as a percentage of turns spent in the entire game.
 B = Non-inter-level travel turns spent in this place as a percentage of non-inter-level travel turns spent in the entire game.
 C = Inter-level travel turns spent in this place as a percentage of turns spent in this place.
 D = Turns resting spent in this place as a percentage of non-inter-level travel turns spent in this place.
 E = Turns spent auto-exploring this place as a percentage of non-inter-level travel turns spent in this place.
 F = Non-inter-level travel turns spent in this place divided by the number of levels of this place that you've seen.
                   A       B       C       D       E      F
               +-------+-------+-------+-------+-------+----------------------
         Total | 100.0 | 100.0 |   6.3 |  50.9 |  35.2 | 1097.9
       Dungeon |  91.6 |  91.4 |   6.5 |  50.7 |  36.1 | 1254.8
        Temple |   1.1 |   1.0 |  18.2 |   0.0 |  96.2 | 157.0
  Orcish Mines |   7.3 |   7.6 |   2.5 |  59.6 |  16.3 | 627.0
               +-------+-------+-------+-------+-------+----------------------
